 Dungeon Crawl Stone Soup version 0.25.1-2-g60ff931df9 (webtiles) character file.

Game seed: 14653587117886509861

8371 Kaliet the Spear-Bearer (level 11, -3/89 HPs)
             Began as a Barachi Berserker on Nov 3, 2020.
             Was a High Priest of Trog.
             Slain by an orange demon (5 damage)
             ... summoned by an orc high priest
             ... on level 2 of the Orcish Mines on Nov 5, 2020.
             The game lasted 01:30:55 (11248 turns).

Kaliet the Spear-Bearer (Barachi Berserker)        Turns: 11248, Time: 01:30:55

Health: -3/89      AC: 24    Str: 21    XL:     11   Next: 29%
Magic:  11/11      EV: 10    Int:  8    God:    Trog [*****.]
Gold:   765        SH:  0    Dex: 12    Spells: 10/10 levels left

rFire    + . .     SeeInvis .   s - +10 spear of an ice cave {protect, *Slow rF+ rC+ MR+++}
rCold    + . .     Gourm    .   (no shield)
rNeg     . . .     Faith    +   y - +2 chain mail
rPois    +         Spirit   .   e - +1 helmet
rElec    .         Reflect  .   (no cloak)
rCorr    .         Harm     .   r - +0 pair of gloves
MR       +++..                  (no boots)
Stlth    ..........             B - amulet of faith
HPRegen  0.24/turn              q - ring of poison resistance
MPRegen  0.12/turn              N - ring of flight

@: protection aura, studying Shields, slow
A: +LOS, swims, slowness 1, strong legs 1
a: Hop, Berserk, Trog's Hand, Brothers in Arms, Renounce Religion, Evoke Flight


You were on level 2 of the Orcish Mines.
You worshipped Trog.
Trog was extremely pleased with you.
You were not hungry.

You visited 2 branches of the dungeon, and saw 11 of its levels.

You collected 765 gold pieces.

Inventory:

Hand Weapons
 a - a +4 war axe of freezing
 f - a +1 long sword of freezing
 j - a +2 dagger of electrocution
 n - a +0 quarterstaff of distortion
 s - the +10 spear of an ice cave (weapon) {protect, *Slow rF+ rC+ MR+++}
   (You found it on level 4 of the Dungeon)

   It grants its wielder temporary protection when it strikes (+7 to AC).
   It protects you from fire.
   It protects you from cold.
   It affects your resistance to hostile enchantments.
   It may slow you when you take damage.
 v - a +4 dagger of freezing
 D - a +0 whip of distortion
 J - a cursed +0 flail
 K - a +5 dagger of speed
 O - a +2 dagger of speed
 P - a +2 antimagic glaive
Armour
 b - a +1 ring mail of cold resistance
 e - a +1 helmet (worn)
 p - a +2 robe of the Archmagi
 r - a +0 pair of gloves (worn)
 y - a +2 chain mail (worn)
 Q - the +3 robe of Clouds {+Thunder rCloud rElec}
   (You found it on level 9 of the Dungeon)

   It insulates you from electricity.
Jewellery
 g - an uncursed ring of flight
 q - a ring of poison resistance (left hand)
 B - an amulet of faith (around neck)
 N - a ring of flight (right hand)
Wands
 c - a wand of enslavement (1)
 z - a wand of disintegration (12)
 G - a wand of paralysis (10)
 L - a wand of iceblast (9)
 M - a wand of random effects (28)
Scrolls
 h - 4 scrolls of remove curse
 i - 4 scrolls of fog
 l - 8 scrolls of amnesia
 o - a scroll of teleportation
 x - 3 scrolls of identify
 A - a scroll of enchant weapon
 E - a scroll of enchant armour
Potions
 k - a potion of haste
 m - 3 potions of curing
 t - a potion of magic {unknown}
 u - 3 potions of brilliance
 w - 2 potions of invisibility {unknown}
 C - a potion of heal wounds {unknown}
 H - a potion of resistance {unknown}
Books
 I - a manual of Shields
Miscellaneous
 F - a lightning rod (4/4)
Comestibles
 d - 2 rations


   Skills:
 + Level 9.5 Fighting
 + Level 7.1 Long Blades
 - Level 12.0 Polearms
 + Level 9.0 Armour
 + Level 4.2 Dodging
 + Level 2.1 Stealth


You had 10 spell levels left.
You didn't know any spells.
Your spell library contained the following spells:

 Spells                   Type           Power        Failure   Level  Hunger
 Animate Skeleton         Necr           N/A          97%         1    ##.....
 Corona                   Hex            #......      97%         1    ##.....
 Pain                     Necr           #...         97%         1    ##.....
 Slow                     Hex            #.......     99%         2    ###....
 Confusing Touch          Hex            #.......     100%        3    ####...
 Gell's Gravitas          Tloc           #.........   100%        3    ####...
 Inner Flame              Hex/Fire       #.......     100%        3    ####...
 Portal Projectile        Hex/Tloc       #.....       100%        3    ####...
 Static Discharge         Conj/Air       #.......     100%        3    ####...
 Vampiric Draining        Necr           #.........   100%        3    ####...
 Animate Dead             Necr           N/A          100%        4    #####..
 Cause Fear               Hex            #.........   100%        4    #####..
 Leda's Liquefaction      Hex/Erth       #.........   100%        4    #####..
 Petrify                  Tmut/Erth      #.......     100%        4    #####..
 Agony                    Necr           #.......     100%        5    ######.
 Lightning Bolt           Conj/Air       #.........   100%        5    ######.
 Metabolic Englaciation   Hex/Ice        #.........   100%        5    ######.
 Yara's Violent Unravell  Hex/Tmut       #.........   100%        5    ######.
 Haunt                    Necr/Summ      #.........   100%        7    #######
 Borgnjor's Revivificati  Necr           #.........   100%        8    #######
 Death's Door             Chrm/Necr      #.........   100%        8    #######
 Ignition                 Fire           #.........   100%        8    #######
 Infestation              Necr           #.........   100%        8    #######
 Necromutation            Tmut/Necr      #.........   100%        8    #######
 Shatter                  Erth           #.........   100%        9    #######
 Tornado                  Air            #.........   100%        9    #######


Dungeon Overview and Level Annotations

Branches:
Dungeon (9/15)             Temple (0/1) D:5             Orc (2/2) D:9
   Lair: D:8-11         Elf: Orc:2

Altars:
Nemelex Xobeh
Qazlal
Beogh

Shops:
D:5 (   Orc:2 }


Innate Abilities, Weirdness & Mutations

You can be seen from farther away. (+LOS)
You can swim through water.
You cover ground slowly.
You can hop short distances.


Message History

* * * LOW HITPOINT WARNING * * *
Your two-headed ogre is drained of life.
The neqoxec gestures.
The orc sorcerer barely misses you.
An orc sorcerer comes into view. It is wielding a +0 dagger.
Your two-headed ogre hits the orc warrior with a +0 giant club!!
Your two-headed ogre barely misses the orc warrior.
The orc priest hits your two-headed ogre with a +0 mace.
The orc warrior barely misses you.
The hellwing hits you but does no damage.
The hellwing barely misses you.
The orc high priest calls down the wrath of Beogh upon you.
Beogh smites you!
* * * LOW HITPOINT WARNING * * *
Unknown command.
As you read the scroll of fog, it crumbles to dust.
The scroll dissolves into smoke.
The orc priest hits you but does no damage.
The orange demon stings you from afar.
You die...

#.#.....## ..
........## o3..
........####oo..
#.......#.o....
#.......#TO....
#........o3o..$
##Oo44.o.....
##§oooo......#
#§§@oOo.....#
##4§#3....###
####..#### ####


You could see an orc warlord, a soul eater (summoned), an orc high priest
(strong), 2 orange demons, a hellwing (summoned), a troll, a smoke demon
(summoned), a neqoxec (summoned), 2 orc sorcerers, 3 orc warriors, 2 ogres, 2
orc priests, 4 orcs and a friendly two-headed ogre (summoned, berserk).

Vanquished Creatures
  A two-headed ogre (D:9)
  An orc high priest (Orc:2)
  A cyclops (D:9)
  A troll (Orc:1)
  A hippogriff (D:9)
  A yak (D:9)
  A wyvern (D:9)
  2 vampire mosquitoes (D:9)
  4 wargs (Orc:2)
  9 orc warriors
  An eye of draining (D:9)
  2 sky beasts
  A phantom (D:9)
  2 black bears
  2 ice beasts
  5 ogres
  3 centaurs
  A crocodile (D:9)
  A big kobold (D:9)
  6 bullfrogs
  A gnoll sergeant (D:5)
  7 killer bees (D:9)
  4 scorpions
  4 wights (D:7)
  A howler monkey (D:4)
  3 crimson imps
  A centaur zombie (D:8)
  2 quasits (D:9)
  3 hounds
  11 orc priests
  A centaur skeleton (D:8)
  4 jellies
  17 orc wizards
  Ijyb (D:5)
  Jessica (D:3)
  Natasha (twice) (D:3)
  7 worker ants
  A worker ant zombie (D:8)
  13 gnolls
  11 adders
  A howler monkey skeleton (D:7)
  A shadow imp (D:8)
  An adder zombie (D:5)
  3 worms (D:2)
  3 dart slugs
  4 leopard geckos
  43 orcs
  6 bats
  5 giant cockroaches
  7 goblins
  4 hobgoblins
  2 quokkas
  A ball python (D:4)
  5 frilled lizards
  13 kobolds
  A leopard gecko skeleton (D:6)
  A quokka zombie (D:9)
  6 rats
248 creatures vanquished.

Notes
Turn   | Place    | Note
-------+----------+-------------------------------------------
     0 | D:1      | Kaliet the Barachi Berserker began the quest for the Orb.
     0 | D:1      | Reached XP level 1. HP: 18/18 MP: 1/1
    88 | D:1      | Found a sparkling altar of Nemelex Xobeh.
   858 | D:1      | Reached XP level 2. HP: 18/25 MP: 2/2
  1165 | D:2      | Found a faded altar of an unknown god.
  1183 | D:2      | Reached XP level 3. HP: 24/30 MP: 3/3
  1987 | D:2      | Reached ** piety under Trog
  2142 | D:3      | Reached XP level 4. HP: 32/38 MP: 4/4
  2238 | D:3      | Noticed Jessica
  2246 | D:3      | Killed Jessica
  2386 | D:3      | Reached skill level 5 in Long Blades
  2957 | D:3      | Reached XP level 5. HP: 22/43 MP: 5/5
  3692 | D:3      | Noticed Natasha
  3716 | D:3      | Killed Natasha
  3716 | D:3      | Reached XP level 6. HP: 29/50 MP: 6/6
  3880 | D:3      | Noticed Natasha
  3882 | D:3      | Killed Natasha
  4123 | D:4      | Got an ichor-stained spear
  4124 | D:4      | Identified the +10 spear of an ice cave {protect, *Slow rF+
                  | rC+ MR+++} (You found it on level 4 of the Dungeon)
  4785 | D:5      | Entered Level 5 of the Dungeon
  4885 | D:5      | Noticed Ijyb
  4894 | D:5      | Killed Ijyb
  4894 | D:5      | Reached skill level 5 in Fighting
  4945 | D:5      | Reached skill level 1 in Polearms
  4945 | D:5      | Reached XP level 7. HP: 54/56 MP: 7/7
  4989 | D:5      | Reached skill level 2 in Polearms
  5154 | D:5      | Reached *** piety under Trog
  5288 | D:5      | Reached skill level 3 in Polearms
  5304 | D:5      | Found a staircase to the Ecumenical Temple.
  5463 | D:5      | Found Lisk's Antique Weapon Boutique.
  5594 | D:5      | Reached skill level 4 in Polearms
  5594 | D:5      | Reached XP level 8. HP: 50/63 MP: 8/8
  5689 | D:6      | Reached skill level 5 in Armour
  5979 | D:6      | Reached skill level 5 in Polearms
  6228 | D:6      | Reached skill level 6 in Polearms
  6390 | D:6      | Reached skill level 1 in Stealth
  6414 | D:6      | Reached skill level 7 in Polearms
  6568 | D:6      | Reached XP level 9. HP: 66/69 MP: 9/9
  6895 | D:7      | Reached **** piety under Trog
  7097 | D:7      | Reached skill level 8 in Polearms
  8143 | D:8      | Found a flagged portal.
  8178 | D:8      | Reached skill level 9 in Polearms
  8821 | D:9      | Noticed a two-headed ogre
  8831 | D:9      | Killed a two-headed ogre
  8831 | D:9      | Reached skill level 10 in Polearms
  8831 | D:9      | Reached XP level 10. HP: 66/79 MP: 10/10
  9304 | D:9      | Found a staircase to the Orcish Mines.
  9319 | D:9      | Reached ***** piety under Trog
  9385 | D:9      | Found a roughly hewn altar of Beogh.
  9778 | D:9      | Found a sparkling altar of Nemelex Xobeh.
  9778 | D:9      | Found a stormy altar of Qazlal.
  9924 | D:9      | Received a gift from Trog
  9930 | D:9      | Reached skill level 11 in Polearms
 10010 | D:9      | Noticed a cyclops
 10024 | D:9      | Killed a cyclops
 10255 | D:9      | Found the +3 robe of Clouds {+Thunder rCloud rElec}
 10287 | D:9      | Reached skill level 12 in Polearms
 10642 | Orc:1    | Entered Level 1 of the Orcish Mines
 10690 | Orc:1    | Reached XP level 11. HP: 86/86 MP: 11/11
 11162 | Orc:2    | Entered Level 2 of the Orcish Mines
 11162 | Orc:2    | Found Mecollexyn's Gadget Emporium.
 11162 | Orc:2    | Noticed an orc high priest
 11188 | Orc:2    | Killed an orc high priest
 11224 | Orc:2    | Noticed an orc sorcerer
 11226 | Orc:2    | Noticed an orc high priest
 11241 | Orc:2    | Noticed an orc warlord
 11242 | Orc:2    | Noticed a soul eater
 11243 | Orc:2    | Noticed a soul eater
 11247 | Orc:2    | Noticed an orc sorcerer
 11247 | Orc:2    | HP: 2/89 [orc high priest/divine providence (10)]
 11248 | Orc:2    | Slain by an orange demon

Illustrated notes

Levels and vault maps discovered:
D:1:      lightli_arrival_windingriver, layout_basic, chequers_avenue,
          nemelex_xobeh_ov_fountains_minmay
D:2:      layout_basic, chequers_ecumenical_altar_island, minmay_statues_item
D:3:      layout_loops_ring, uniq_natasha, uniq_jessica
D:4:      layout_basic, first_ration
D:5:      layout_loops_ring, minmay_temple_entry_stoned_glass, serial_shops,
          kennysheep_mini, minmay_misc_feat_square, uniq_ijyb
D:6:      layout_loops_ring
D:7:      layout_basic
D:8:      layout_loops_ring, enter_bailey_3
D:9:      minmay_the_grid_triangle_9x9_rhombus_full
          [minmay_the_grid_triangle_9x9_dagger,
          minmay_the_grid_triangle_9x9_minimal,
          minmay_the_grid_triangle_9x9_negative_grid,
          minmay_the_grid_triangle_9x9_alien,
          minmay_the_grid_triangle_9x9_intruding_spiral,
          minmay_the_grid_triangle_9x9_zippers_horizontal,
          minmay_the_grid_triangle_9x9_checkered,
          minmay_the_grid_triangle_9x9_prize_center], layout_cave_pools,
          gammafunk_temple_overflow_elements, minmay_orc_entry_temple_small
Orc:1:    layout_caves
Orc:2:    st_orc_open, layout_diamond_mine, serial_shops, shop,
          nicolae_orc_flooded_monolith

Skill      XL: |  1  2  3  4  5  6  7  8  9 10 11 |
---------------+----------------------------------+-----
Fighting       | 4 5 6 7 8 9 |  9.5
Long Blades    | 4 5 6 7 |  7.1
Armour         | 3 4 5 7 9 |  9.0
Dodging        | 3 4 |  4.2
Polearms       | 1 4 7 10 12 | 12.0
Stealth        | 1 2 |  2.1

Action                   |  1- 3 |  4- 6 |  7- 9 | 10-12 || total
-------------------------+-------+-------+-------+-------++-------
Melee: Falchion          |   115 |     7 |       |       ||   122
       Long sword        |       |   114 |       |       ||   114
       Spear             |       |    38 |   362 |   337 ||   737
Invok: Trog's Hand       |       |     1 |       |       ||     1
       Brothers in Arms  |       |       |       |     1 ||     1
  Use: Potion            |       |     4 |     1 |       ||     5
       Scroll            |       |    10 |     9 |     3 ||    22
 Stab: Paralysed         |       |       |       |     4 ||     4
  Eat: Ration            |     2 |     3 |     4 |     3 ||    12
Armor: Scale mail        |    36 |    69 |    27 |       ||   132
       Animal skin       |     1 |       |       |       ||     1
       Chain mail        |       |       |   124 |   175 ||   299
Dodge: Dodged            |    74 |    91 |   130 |   121 ||   416
       Rpst.: Falchion   |    22 |     3 |       |       ||    25
       Long sword        |       |    25 |       |       ||    25
